 Dungeon Crawl Stone Soup version 0.22.1-1-ga44c0e5 (webtiles) character file.

2243770 Goblin1989 the Impaler (level 27, 189/287 HPs)
             Began as a Gnoll Fighter on Oct 2, 2018.
             Was an Initiate of Gozag.
             Escaped with the Orb
             ... and 4 runes on Oct 15, 2018!
             The game lasted 06:59:46 (77483 turns).

Goblin1989 the Impaler (Gnoll Fighter)             Turns: 77483, Time: 06:59:47

Health: 189/287    AC: 40    Str: 26    XL:     27
Magic:  39/45      EV: 26    Int: 14    God:    Gozag
Gold:   6435       SH: 18    Dex: 17    Spells: 7/62 levels left

rFire    + + .     SeeInvis +   a - +9 broad axe (elec)
rCold    + . .     Gourm    .   N - +2 shield of Resistance {rF+ rC+ MR+}
rNeg     + . .     Faith    .   (armour currently unavailable)
rPois    ∞         Spirit   .   z - +2 helmet {SInv}
rElec    +         Reflect  .   K - +2 cloak {rF+}
rCorr    +         Harm     .   (gloves currently unavailable)
MR       ++++.                  (boots currently unavailable)
Stlth    +++.......             r - amulet of regeneration
HPRegen  1.37/turn              p - +6 ring of protection
MPRegen  0.29/turn              g - ring of resist corrosion

@: statue-form, gold aura, studying Polearms, very slow
A: distributed training, fangs 1, magic resistance 1, regeneration 1, strong
nose
0: Orb of Zot
}: 4/15 runes: serpentine, barnacled, slimy, silver
a: End Transformation, Potion Petition, Call Merchant, Bribe Branch, Renounce
Religion


You escaped.
You worshipped Gozag.
Gozag was greatly pleased with you.
You were full.
You were a stone statue.
You visited 12 branches of the dungeon, and saw 58 of its levels.
You visited the Abyss 1 time.
You visited 1 bazaar.
You also visited: Labyrinth and Volcano.

You collected 38010 gold pieces.
You spent 14468 gold pieces at shops.
You paid 17107 gold pieces to Gozag.

Inventory:

Hand Weapons
 a - a +9 broad axe of electrocution (weapon)
 b - the +8 dagger of Xefeles {speed, rC+ Str-2 Dex+6}
   (You found it on level 1 of the Realm of Zot)

   Attacks with this weapon are significantly faster.
   It affects your strength (-2).
   It affects your dexterity (+6).
   It protects you from cold.
Missiles
 j - 1867 arrows
 o - 16 javelins of penetration {@Q2}
 Z - 10 throwing nets (quivered) {!d , @Q1}
Armour
 y - the cursed +0 ring mail "Deczeusu" (melded) {rPois rF+++ Regen+ Stlth-}
   (You found it on level 5 of the Depths)

   It renders you almost immune to fire.
   It protects you from poison.
   It increases your rate of regeneration.
   It makes you less stealthy.
   It has a curse placed upon it.
 z - a +2 helmet of see invisible (worn)
 D - a scarf of cloud immunity
 I - the +2 pair of boots of the Assassin (melded) {Detection Stab+ Stlth++}
   (You found it on level 3 of the Elven Halls)

   It makes you much more stealthy.
 K - a +2 cloak of fire resistance (worn)
 N - the +2 shield of Resistance (worn) {rF+ rC+ MR+}
   (You bought it in a shop on level 3 of the Vaults)

   It protects you from fire.
   It protects you from cold.
   It affects your resistance to hostile enchantments.
 V - the +0 pair of gloves of the Tortoise (melded) {rPois}
   (You bought it in a shop on level 3 of the Snake Pit)

   It protects you from poison.
Jewellery
 c - an uncursed ring of protection from cold
 f - an uncursed ring of protection from fire
 g - a ring of resist corrosion (right hand)
 n - the ring "Hiuwyon" {+Inv rPois rF+++ Slay-5 Stlth+}
   (You found it on level 5 of the Pits of Slime)

   [ring of poison resistance]

   It affects your accuracy and damage with ranged weapons and melee attacks
   (-5).
   It renders you almost immune to fire.
   It protects you from poison.
   It lets you turn invisible.
   It makes you more stealthy.
 p - a +6 ring of protection (left hand)
 r - an amulet of regeneration (around neck)
Wands
 d - a wand of digging (35) {@v1}
 m - a wand of iceblast (18) {@v4}
 E - a wand of acid (17) {@v2}
 J - a wand of scattershot (6) {@v5}
 L - a wand of paralysis (60) {@v7}
 O - a wand of clouds (6) {@v3}
 Q - a wand of enslavement (73)
Scrolls
 i - 23 scrolls of remove curse {@r3}
 A - 6 scrolls of immolation
 B - 12 scrolls of blinking
 C - a scroll of enchant weapon
 G - 18 scrolls of fog
 P - 3 scrolls of summoning
 R - 4 scrolls of identify {@r1}
 T - 14 scrolls of teleportation {!r, @r2}
 U - 3 scrolls of holy word
Potions
 h - 13 potions of brilliance
 l - a potion of cancellation
 q - 14 potions of heal wounds {@q2}
 u - 13 potions of curing {@q1}
 v - 4 potions of mutation {!q}
 x - 7 potions of magic
 F - 7 potions of resistance {@q6}
 H - 7 potions of agility {@q5}
 S - 9 potions of flight
 W - 4 potions of ambrosia
 X - 5 potions of haste {@q3,}
 Y - 4 potions of might {@q4}
Books
 s - a manual of Polearms
Miscellaneous
 k - 3 boxes of beasts
 t - a fan of gales
 w - a lamp of fire
Comestibles
 e - 32 rations


   Skills:
 + Level 19.1 Fighting
 + Level 18.3 Short Blades
 + Level 18.3 Long Blades
 + Level 18.7 Axes
 + Level 18.3 Maces & Flails
 + Level 20.8 Polearms
 + Level 18.3 Staves
 + Level 18.3 Slings
 + Level 18.3 Bows
 + Level 18.3 Crossbows
 + Level 18.3 Throwing
 + Level 19.1 Armour
 + Level 18.3 Dodging
 + Level 18.3 Stealth
 + Level 19.1 Shields
 + Level 18.3 Unarmed Combat
 + Level 18.3 Spellcasting
 + Level 15.8 Conjurations
 + Level 15.8 Hexes
 + Level 15.8 Charms
 + Level 15.8 Summonings
 + Level 15.8 Necromancy
 + Level 15.8 Translocations
 + Level 15.8 Transmutations
 + Level 15.8 Fire Magic
 + Level 15.8 Ice Magic
 + Level 15.8 Air Magic
 + Level 15.8 Earth Magic
 + Level 15.8 Poison Magic
 + Level 19.7 Invocations
 + Level 18.3 Evocations


You had 7 spell levels left.
You knew the following spells:

 Your Spells              Type           Power        Failure   Level  Hunger
a - Sticks to Snakes      Tmut           ######..     0%          2    None
b - Borgnjor's Vile Clut  Necr/Erth      ######....   1%          5    ####...
c - Passwall              Tmut/Erth      ######..     0%          2    None
d - Yara's Violent Unrav  Hex/Tmut       ######....   1%          5    ####...
e - Summon Forest         Summ/Tloc      ######....   1%          5    ####...
f - Passage of Golubria   Tloc           N/A          1%          4    None
g - Lesser Beckoning      Tloc           ######....   1%          3    None
h - Blink                 Tloc           N/A          0%          2    None
l - Summon Lightning Spi  Summ/Air       ######..     1%          4    None
o - Apportation           Tloc           ######       0%          1    None
y - Song of Slaying       Chrm           ######..     0%          2    None
A - Aura of Abjuration    Summ           ######....   1%          5    ####...
I - Invisibility          Hex            ######..     1%          6    #####..
R - Regeneration          Chrm/Necr      ######....   1%          3    None
Y - Statue Form           Tmut/Erth      ######...    1%          6    #####..

Your spell library contained the following spells:

 Spells                   Type           Power        Failure   Level  Hunger
 Animate Skeleton         Necr           N/A          0%          1    None
 Beastly Appendage        Tmut           ######       0%          1    None
 Confusing Touch          Hex            ######       0%          1    None
 Corona                   Hex            ######.      0%          1    None
 Flame Tongue             Conj/Fire      #####        0%          1    None
 Freeze                   Ice            ####         0%          1    None
 Infusion                 Chrm           ####         0%          1    None
 Sandblast                Erth           ######       0%          1    None
 Shock                    Conj/Air       ####         0%          1    None
 Sting                    Conj/Pois      ####         0%          1    None
 Summon Butterflies       Summ           ######..     0%          1    None
 Summon Small Mammal      Summ           ####         0%          1    None
 Call Imp                 Summ           ######..     0%          2    None
 Corpse Rot               Necr           N/A          0%          2    None
 Ensorcelled Hibernation  Hex/Ice        ######       0%          2    None
 Poisonous Vapours        Pois/Air       ######       0%          2    None
 Shroud of Golubria       Chrm/Tloc      ######....   0%          2    None
 Slow                     Hex            ######..     0%          2    None
 Sublimation of Blood     Necr           ######....   0%          2    None
 Swiftness                Chrm/Air       ######..     0%          2    None
 Throw Frost              Conj/Ice       ######       0%          2    None
 Call Canine Familiar     Summ           ######..     1%          3    None
 Confuse                  Hex            ######..     1%          3    None
 Conjure Flame            Conj/Fire      ######..     1%          3    None
 Dazzling Spray           Conj/Hex       ######       1%          3    None
 Gell's Gravitas          Tloc           ######....   1%          3    None
 Ignite Poison            Fire/Tmut/Pois ######..     1%          3    None
 Inner Flame              Hex/Fire       ######..     1%          3    None
 Mephitic Cloud           Conj/Pois/Air  ######..     1%          3    None
 Ozocubu's Armour         Chrm/Ice       ######..     1%          3    None
 Portal Projectile        Hex/Tloc       ######       1%          3    None
 Recall                   Summ/Tloc      N/A          1%          3    None
 Spectral Weapon          Hex/Chrm       ######..     1%          3    None
 Spider Form              Tmut/Pois      ######....   1%          3    None
 Stone Arrow              Conj/Erth      ######       1%          3    None
 Summon Guardian Golem    Hex/Summ       ######..     1%          3    None
 Teleport Other           Tloc           ######..     1%          3    None
 Tukima's Dance           Hex            ######..     1%          3    None
 Animate Dead             Necr           N/A          1%          4    None
 Cause Fear               Hex            ######....   1%          4    None
 Force Lance              Conj/Tloc      ######..     1%          4    None
 Fulminant Prism          Conj/Hex       ######....   1%          4    None
 Ice Form                 Ice/Tmut       ######..     1%          4    None
 Leda's Liquefaction      Hex/Erth       ######....   1%          4    None
 Olgreb's Toxic Radiance  Pois           ######..     1%          4    None
 Petrify                  Tmut/Erth      ######..     1%          4    None
 Summon Ice Beast         Ice/Summ       ######..     1%          4    None
 Throw Icicle             Conj/Ice       ######..     1%          4    None
 Agony                    Necr           ######..     1%          5    ####...
 Alistair's Intoxication  Tmut/Pois      ######..     1%          5    ####...
 Blade Hands              Tmut           ######....   1%          5    ####...
 Bolt of Draining         Conj/Necr      ######....   1%          5    ####...
 Bolt of Magma            Conj/Fire/Erth ######....   1%          5    ####...
 Dispel Undead            Necr           ######..     1%          5    ####...
 Excruciating Wounds      Chrm/Necr      ######....   1%          5    ####...
 Fireball                 Conj/Fire      ######....   1%          5    ####...
 Irradiate                Conj/Tmut      ######....   1%          5    ####...
 Iskenderun's Battlesphe  Conj/Chrm      ######..     1%          5    ####...
 Lee's Rapid Deconstruct  Erth           ######....   1%          5    ####...
 Metabolic Englaciation   Hex/Ice        ######....   1%          5    ####...
 Silence                  Hex/Air        ######....   1%          5    ####...
 Summon Demon             Summ           ######....   1%          5    ####...
 Summon Mana Viper        Hex/Summ       ######..     1%          5    ####...
 Venom Bolt               Conj/Pois      ######....   1%          5    ####...
 Bolt of Fire             Conj/Fire      ######....   1%          6    #####..
 Death Channel            Necr           ######....   1%          6    #####..
 Dispersal                Tloc           ######....   1%          6    #####..
 Freezing Cloud           Conj/Ice/Air   ######....   1%          6    #####..
 Iron Shot                Conj/Erth      ######....   1%          6    #####..
 Shadow Creatures         Summ           N/A          1%          6    #####..
 Simulacrum               Ice/Necr       ######....   1%          6    #####..
 Dragon Form              Tmut           ######....   5%          7    #######
 Orb of Destruction       Conj           ######....   5%          7    #######
 Ring of Flames           Chrm/Fire      ######....   5%          7    #######
 Spellforged Servitor     Conj/Summ      ######....   5%          7    #######
 Summon Hydra             Summ           ######....   5%          7    #######
 Controlled Blink         Tloc           N/A          41%         8    #######
 Disjunction              Tloc           ######....   41%         8    #######
 Ignition                 Fire           ######....   41%         8    #######
 Dragon's Call            Summ           ######....   100%        9    #######
 Shatter                  Erth           ######....   100%        9    #######


Dungeon Overview and Level Annotations

Branches:
Dungeon (15/15)            Temple (1/1) D:6            Lair (6/6) D:8
 Shoals (4/4) Lair:4        Snake (4/4) Lair:2        Slime (5/5) Lair:5
    Orc (2/2) D:10            Elf (3/3) Orc:2        Vaults (5/5) D:14
  Crypt (3/3) Vaults:3       Tomb (0/3) Crypt:3      Depths (5/5) D:15
    Zot (5/5) Depths:5

Altars:
Ashenzari
Cheibriados
Dithmenos
Elyvilon
Fedhas
Gozag
Hepliaklqana
Kikubaaqudgha
Makhleb
Nemelex Xobeh
Okawaru
Qazlal
Ru
Sif Muna
Trog
Uskayaw
Vehumet
Wu Jian
Xom
Yredelemnul
Zin
The Shining One
Beogh
Jiyva

Shops:
D:6 [   D:15 }:[   Orc:2 [(![(   Elf:2 [   Elf:3 *   Lair:1 (   Snake:3 [
Vaults:1 [:   Vaults:3 ![   Depths:1 *

Portals:
Hell: Depths:1 Depths:2 Depths:3 Depths:4 Depths:5
Abyss: Depths:2 Depths:4 Depths:5
Pandemonium: Depths:1 Depths:2 Depths:3 Depths:4 Depths:5
Ziggurat: Depths:5

Annotations:
Lair:6 3 runed doors, final lair, bmj180's ghost, journeyman GrEE
Shoals:4 1 runed door, kalagan's ghost, journeyman DEEE
Snake:2 1 runed door, Ireq's ghost, adept MfGl; Vashnia
Zot:3 exclusion: oklob plant
Zot:4 exclusion: upstairs


Innate Abilities, Weirdness & Mutations

Your experience applies equally to all skills.
You have very sharp teeth.
Your uncanny sense of smell can sniff out nearby items.
You are resistant to hostile enchantments. (MR+)
Your natural rate of healing is unusually fast.


Message History

Trunks creak and shift.
A tree reaches out and hits the red devil!
A root smacks the red devil from below.
The red devil hits you but does no damage.
You block the red devil's attack.
Your dryad misses the red devil.
The red devil hits your dryad with a trident!
You block the red devil's attack.
Things that are here:
16 gold pieces; a demon whip of freezing You regained 3 hp, and now have 157/287 hp.
You are too injured to fight recklessly!
Unknown command.
You are too injured to fight recklessly!
Unknown command.
You are too injured to fight recklessly!
Unknown command.
You are too injured to fight recklessly!
You miss the red devil.
The red devil is no longer distracted by gold.
A tree reaches out and hits the red devil!
The red devil dies!
The red devil is distracted by the nearby gold.
The red devil hops backward while attacking.
The red devil barely misses you. You block the red devil's attack.
Trunks creak and shift.
The red devil is no longer distracted by gold.
The red devil hops backward while attacking.
You block the red devil's attack. The red devil barely misses you.
You regained 2 hp, and now have 160/287 hp.
The red devil is distracted by the nearby gold.
You block the red devil's attack. x2
You see here a club.
You regained 2 hp, and now have 162/287 hp.
The red devil is no longer distracted by gold.
Your dryad hits the red devil but does no damage.
The red devil is distracted by the nearby gold.
You block the red devil's attack.
Your dryad hits the red devil but does no damage.
The red devil is no longer distracted by gold.
You regained 2 hp, and now have 164/287 hp.
The red devil hops backward while attacking.
You block the red devil's attack.
The red devil is distracted by the nearby gold.
Your dryad hits the red devil but does no damage.
The red devil is distracted by the nearby gold.
You regained 2 hp, and now have 166/287 hp.
The red devil is waved at by a branch.
A tree reaches out but misses the red devil.
The red devil is distracted by the nearby gold.
Your dryad closely misses the red devil.
Your dryad misses the red devil.
You regained 2 hp, and now have 168/287 hp.
Unknown command.
Branches wave dangerously above you.
A tree reaches out but misses the red devil.
The red devil is no longer distracted by gold.
Your dryad hits the red devil!
You regained 2 hp, and now have 170/287 hp.
A root smacks the red devil from below.
The red devil is waved at by a branch.
The red devil is no longer distracted by gold. x2
The red devil is distracted by the nearby gold. x2
You regained 2 hp, and now have 172/287 hp.
Unknown command.
A tree reaches out and hits the red devil!
The red devil is hit by a branch!
You regained 3 hp, and now have 175/287 hp.
Casting: Summon Forest (safe; 1% risk of failure)
Confirm with . or Enter, or press ? or * to list all spells.
Aiming: Borgnjor's Vile Clutch (safe; 1% risk of failure)
Press: ? - help, Dir - move target cursor, f - red devil
Aim: a red devil, wielding a trident (severely wounded) Decaying hands burst forth from the earth!
Zombie hands grab the red devil.
Your dryad is unaffected.
The zombie hands constrict the red devil!
A tree reaches out and hits the red devil!
The red devil dies!
A tree reaches out and hits the red devil!
The forest calms down.
Your dryad calls out to the forest.
The forest starts to sway and rumble!
You regained 2 hp, and now have 177/287 hp.
You now have 36/45 mp.
Unknown command.
Tree limbs sway around you.
A root smacks the red devil from below.
The red devil dies!
You regained 2 hp, and now have 179/287 hp.
You regained 2 hp, and now have 181/287 hp.
Trunks creak and shift.
You regained 2 hp, and now have 183/287 hp.
A tree reaches out but misses the red devil.
A root smacks the red devil from below.
There is an open door here.
You regained 2 hp, and now have 185/287 hp.
Space becomes stable.
Your dryad disappears in a puff of smoke!
There is a staircase leading out of the dungeon here.
You regained 2 hp, and now have 187/287 hp.
You have escaped!

.......█ █........♣. .......█
█.......... ....).÷██████
♣.......... ............██
██████..........
███████████..█████§..$...$.$$$...
██....§.§..███♣█.$.$♣..
█..Ψ§.4Ψ..█ █....$.. █...█∆█...█
█....♣.. █...█8█..██ █.......
██..███..█ ♣██♣████ █.Ψ...Ψ.█ ██
█.......█ █.


█████████ █. ███. █... █.██ █... You could see a red devil.

Vanquished Creatures
  the Royal Jelly (Slime:5)
  2 ancient liches (Vaults:5)
  A juggernaut (Depths:3)
  Boris (Vaults:5)
  Xtahua (Depths:4)
  Margery (Depths:4)
  Saint Roka (Snake:2)
  A caustic shrike (shapeshifter) (Vaults:5)
  3 golden dragons
  8 liches
  4 electric golems
  8 tentacled monstrosities
  A shard shrike zombie (Crypt:2)
  An Ice Fiend (D:1)
  9 Orb Guardians
  Rupert (Snake:1)
  5 quicksilver dragons
  Asterion (Vaults:2)
  3 titans (Vaults:5)
  15 acid blobs
  4 deep elf blademasters
  Polyphemus (Shoals:4)
  2 deep elf master archers (Elf:3)
  4 death cobs
  An Executioner (Zot:1)
  3 sphinxes
  Gastronok (Orc:1)
  3 draconian monks
  3 ancient champions
  2 tentacled starspawn (Abyss:5)
  A thorn hunter (Abyss:5)
  9 shadow dragons
  7 tengu reavers
  Kirke (Shoals:4)
  Donald (Elf:2)
  9 storm dragons
  A revenant (Crypt:2)
  6 nagarajas (Snake:4)
  12 azure jellies
  6 frost giants
  Ilsuiw (Shoals:3)
  2 balrugs (D:1)
  13 fire giants
  An orc warlord (Vaults:5)
  7 draconian knights
  An iron dragon (Depths:3)
  10 deep elf sorcerers
  14 vault wardens
  A ghost moth (Zot:1)
  Louise (Elf:2)
  3 draconian shifters
  3 draconian scorchers
  Aizul (Crypt:1)
  7 deep elf elementalists
  3 spriggan defenders
  14 ironheart preservers
  A draconian stormcaller (Depths:5)
  A draconian annihilator (Zot:1)
  2 curse skulls
  25 stone giants
  12 ghouls
  A reaper (Depths:3)
  24 very ugly things
  6 war gargoyles
  6 black draconians
  4 green draconians
  9 vampire knights
  A lorocyproca (Depths:4)
  3 entropy weavers
  8 dire elephants
  9 red draconians
  7 deep elf demonologists
  A purple draconian (Zot:1)
  A minotaur (Lab)
  A yellow draconian (Depths:5)
  Azrael (D:13)
  Nessos (Lair:5)
  3 eidola
  10 deep elf annihilators
  8 merfolk impalers
  7 merfolk javelineers
  15 deep elf death magi
  6 spark wasps
  4 white draconians
  The ghost of zapotec the Nimble, a journeyman MfTm of Dithmenos (D:11)
  6 death oozes
  13 ettins
  Josephine (Lair:4)
  2 jiangshi (Crypt:3)
  2 quicksilver dragon zombies
  18 yaktaur captains
  6 deep elf high priests
  12 great orbs of eyes
  21 ogre magi
  7 hydras
  14 fire dragons
  25 vault guards
  Erolcha (Orc:1)
  A quicksilver dragon skeleton (Crypt:3)
  5 rakshasas
  11 ice dragons
  3 merfolk avatars
  5 spriggan air magi
  25 naga warriors
  50 two-headed ogres
  3 alligator snapping turtles
  7 merfolk aquamancers
  9 centaur warriors
  16 anacondas
  8 death knights
  4 deep troll earth magi
  An alligator snapping turtle (shapeshifter) (Vaults:5)
  6 deep troll shamans
  2 satyrs
  A catoblepas (Shoals:4)
  10 death yaks
  11 naga sharpshooters
  6 tengu warriors
  2 thrashing horrors (Abyss:5)
  9 spriggan berserkers
  28 deep elf knights
  4 vampire magi
  6 shock serpents
  8 spriggans
  A titan zombie (Depths:1)
  5 soul eaters
  A salamander mystic (Snake:4)
  3 sun demons (D:1)
  Nergalle (Lair:2)
  A fire crab (Shoals:1)
  6 shadow wraiths
  Sonja (Lair:6)
  3 iron trolls
  4 sixfirhies
  A gelid demonspawn (Depths:5)
  A storm dragon skeleton (Depths:1)
  An unseen horror (D:13)
  9 sea snakes
  17 deep trolls
  18 hell knights
  14 skeletal warriors
  15 flayed ghosts
  A glowing orange brain (shapeshifter) (Elf:3)
  An iron giant skeleton (Crypt:2)
  A deep troll (shapeshifter) (Vaults:5)
  5 glowing orange brains
  15 deep elf archers
  A lindwurm (shapeshifter) (Vaults:5)
  19 phantasmal warriors
  7 wizards
  Pikel (D:8)
  An obsidian statue (Vaults:1)
  3 naga ritualists
  7 harpies (Shoals:4)
  6 necromancers
  5 mana vipers
  A mana viper (shapeshifter) (Depths:3)
  8 ironbrand convokers
  A shadow dragon skeleton (Vaults:5)
  10 orc knights
  2 oklob plants (Lair:5)
  6 cyclopes
  72 deep elf magi
  An iron dragon zombie (Crypt:1)
  A stone giant zombie (Crypt:1)
  2 fire giant zombies
  A cyclops (shapeshifter) (Vaults:2)
  3 orc sorcerers
  3 wolf spiders
  2 shining eyes (Slime:5)
  12 fauns
  49 ugly things
  2 salamanders (shapeshifter)
  15 salamanders
  14 manticores
  3 worldbinders (Abyss:5)
  4 merfolk sirens
  14 moths of wrath
  Maurice (Orc:1)
  2 fauns (shapeshifter)
  16 elephants
  A dire elephant zombie (Crypt:2)
  7 guardian serpents
  2 eyes of devastation (Slime:3)
  4 water nymphs
  16 vault sentinels
  21 naga magi
  2 frost giant skeletons
  28 black mambas
  9 spiny frogs
  8 smoke demons
  7 gargoyles
  A spiny frog (shapeshifter) (Vaults:4)
  4 orange demons (D:12)
  2 rust devils (Depths:3)
  A yellow draconian zombie (Crypt:2)
  2 dire elephant skeletons
  A rime drake (shapeshifter) (Vaults:3)
  68 yaktaurs
  3 rime drakes
  2 tormentors
  An ice devil (Depths:5)
  A human skeleton (Vaults:3)
  A spriggan skeleton (Depths:1)
  A death drake zombie (Crypt:2)
  10 freezing wraiths
  2 meliai (shapeshifter)
  5 komodo dragons
  3 tengu conjurers
  An ancient zyme (Abyss:5)
  5 red devils
  15 trolls
  A hydra zombie (Crypt:3)
  46 merfolk
  11 hornets
  3 polar bears
  3 meliai (D:15)
  16 blink frogs
  2 jumping spiders
  2 large abominations (Zot:1)
  3 hornets (shapeshifter)
  4 bog bodies
  A blink frog (shapeshifter) (Elf:2)
  12 hippogriffs
  A fire dragon zombie (Crypt:3)
  76 slime creatures
  A raiju (Abyss:5)
  3 snapping turtles
  6 wind drakes
  9 dream sheep
  9 flying skulls (Crypt:1)
  3 air elementals
  An ice dragon skeleton (Crypt:2)
  A shock serpent simulacrum (Crypt:2)
  43 yaks
  23 water elementals
  A fire dragon skeleton (Crypt:2)
  9 vampires
  18 wraiths
  An elf skeleton (Vaults:5)
  2 redbacks (Vaults:4)
  5 wyverns
  A deep troll skeleton (Depths:1)
  2 humans (D:8)
  6 hogs (Shoals:4)
  A ynoxinul (Zot:5)
  10 fire bats
  7 shadows
  5 fire elementals
  9 golden eyes
  3 basilisks
  5 hungry ghosts
  2 neqoxecs
  2 vampire mosquitoes (D:14)
  A chaos spawn (Depths:4)
  2 yaktaur simulacra
  A swamp worm (shapeshifter) (Depths:2)
  Menkaure (D:7)
  A human simulacrum (Vaults:3)
  8 wargs
  An acid dragon (Vaults:2)
  A soldier ant (D:13)
  75 nagas
  2 floating eyes
  5 hell hounds
  26 water moccasins
  12 porcupines
  39 orc warriors
  A black bear (D:13)
  3 ice beasts
  A fire dragon simulacrum (Crypt:1)
  A phantom (D:6)
  A spiny frog skeleton (Crypt:1)
  7 boggarts
  5 necrophages
  3 sky beasts
  5 eyes of draining
  55 ogres
  3 swamp dragon skeletons
  3 wolves (Lair:1)
  A dream sheep skeleton (Crypt:2)
  24 centaurs
  14 crocodiles
  2 big kobolds
  25 bullfrogs
  A glowing shapeshifter simulacrum (Vaults:2)
  5 earth elementals
  A small abomination (Abyss:5)
  4 wyvern skeletons
  A hornet simulacrum (D:15)
  10 scorpions
  A water moccasin skeleton (D:6)
  8 killer bees
  A spriggan zombie (Crypt:1)
  15 wights
  4 howler monkeys
  5 lava snakes (Volcano)
  2 electric eels
  A wolf zombie (Crypt:1)
  2 bullfrog zombies
  12 crimson imps
  2 jellies
  6 quasits
  2 iron imps (Depths:5)
  A black bear zombie (Crypt:1)
  4 centaur skeletons
  2 bullfrog skeletons
  5 centaur zombies
  A gnoll shaman (D:8)
  20 orc priests
  3 hounds
  27 orc wizards
  5 iguanas
  A black bear skeleton (Crypt:1)
  Ijyb (D:5)
  12 worker ants
  A big kobold skeleton (Crypt:2)
  2 tengu skeletons
  3 hound zombies
  A hound skeleton (D:8)
  A howler monkey zombie (D:9)
  4 gnolls (D:8)
  9 adders
  2 shadow imps
  5 white imps
  An ooze (D:7)
  4 adder zombies
  3 adder skeletons
  2 worms
  4 dart slugs (D:1)
  5 leopard geckos
  95 orcs
  6 bats
  7 giant cockroaches
  2 gnoll zombies (D:5)
  7 goblins
  11 hobgoblins
  22 jackals
  12 kobolds
  5 quokkas
  A river rat zombie (Crypt:1)
  4 ball pythons
  9 frilled lizards
  A giant cockroach zombie (Crypt:2)
  A leopard gecko skeleton (D:4)
  A quokka skeleton (Crypt:1)
  A quokka zombie (D:8)
  6 rats
  A river rat skeleton (Crypt:1)
  5 plants
  6 starspawn tentacles (Abyss:5)
  A withered plant (Crypt:3)
2542 creatures vanquished.

Vanquished Creatures (collateral kills)
  An orb of fire (Zot:5)
  An ancient lich (Crypt:3)
  Nikola (Shoals:4)
  An electric golem (Zot:5)
  3 Orb Guardians (Zot:5)
  A shadow dragon (Vaults:5)
  A storm dragon (Zot:5)
  A frost giant (Vaults:5)
  A deep elf demonologist (Vaults:5)
  A spark wasp (Depths:3)
  2 merfolk impalers
  A great orb of eyes (Vaults:5)
  A dancing weapon (Elf:2)
  A merfolk avatar (Shoals:1)
  An ironbrand convoker (Vaults:5)
  A manticore (Shoals:4)
  A necromancer (Vaults:5)
  A yaktaur (Vaults:5)
  3 red devils (D:1)
  5 merfolk
  A slime creature (Depths:3)
  2 plants
32 creatures vanquished.

Vanquished Creatures (others)
  2 orbs of fire (Zot:5)
  6 ancient liches (Zot:5)
  A Killer Klown (Zot:5)
  A curse toe (Zot:5)
  A Tzitzimitl (Zot:5)
  An electric golem (Zot:5)
  10 Orb Guardians (Zot:5)
  3 death cobs (Zot:5)
  2 storm dragons (Zot:5)
  A draconian stormcaller (Zot:5)
  2 deep elf elementalists (Elf:3)
  2 black draconians (Zot:5)
  A very ugly thing (Vaults:5)
  A vampire knight (Depths:4)
  A white draconian (Zot:5)
  3 green draconians (Zot:5)
  A red draconian (Zot:5)
  30 dancing weapons
  A two-headed ogre (Orc:2)
  2 deep elf knights
  A deep elf mage (Elf:1)
  A harpy (Shoals:4)
  An ugly thing (Vaults:5)
  An elephant (shapeshifter) (Depths:4)
  2 moths of wrath (Zot:5)
  A black mamba (Snake:4)
  A yaktaur (Vaults:5)
  A merfolk (Shoals:4)
  A dream sheep (Shoals:4)
  A fire bat (Depths:2)
  A water moccasin (D:8)
  A slave (D:8)
  A phantom (D:8)
  A boggart (Depths:2)
  A centaur (Depths:4)
  An orc wizard (Orc:1)
  An adder (D:8)
  An orc (Orc:1)
  7 fungi
  10 plants
  5 snaplasher vines
  4 starspawn tentacles (Abyss:5)
  2 withered plants
119 creatures vanquished.

Grand Total: 2693 creatures vanquished

Notes
Turn   | Place    | Note
-------+----------+-------------------------------------------
     0 | D:1      | Goblin1989 the Gnoll Fighter began the quest for the Orb.
     0 | D:1      | Reached XP level 1. HP: 23/23 MP: 1/1
    21 | D:1      | Reached XP level 2. HP: 26/29 MP: 2/2
   183 | D:1      | Reached XP level 3. HP: 33/35 MP: 3/3
   347 | D:1      | Reached skill level 1 in Invocations
   565 | D:2      | Reached skill level 1 in Short Blades
   565 | D:2      | Reached skill level 1 in Long Blades
   565 | D:2      | Reached skill level 1 in Maces & Flails
   565 | D:2      | Reached skill level 1 in Polearms
   565 | D:2      | Reached skill level 1 in Staves
   565 | D:2      | Reached skill level 1 in Slings
   565 | D:2      | Reached skill level 1 in Bows
   565 | D:2      | Reached skill level 1 in Crossbows
   565 | D:2      | Reached skill level 1 in Throwing
   565 | D:2      | Reached skill level 1 in Dodging
   565 | D:2      | Reached skill level 1 in Stealth
   565 | D:2      | Reached skill level 1 in Unarmed Combat
   565 | D:2      | Reached skill level 1 in Spellcasting
   565 | D:2      | Reached skill level 1 in Evocations
   618 | D:2      | Reached XP level 4. HP: 41/41 MP: 5/5
   653 | D:2      | Reached skill level 1 in Conjurations
   653 | D:2      | Reached skill level 1 in Hexes
   653 | D:2      | Reached skill level 1 in Charms
   653 | D:2      | Reached skill level 1 in Summonings
   653 | D:2      | Reached skill level 1 in Necromancy
   653 | D:2      | Reached skill level 1 in Translocations
   653 | D:2      | Reached skill level 1 in Transmutations
   653 | D:2      | Reached skill level 1 in Fire Magic
   653 | D:2      | Reached skill level 1 in Ice Magic
   653 | D:2      | Reached skill level 1 in Air Magic
   653 | D:2      | Reached skill level 1 in Earth Magic
   653 | D:2      | Reached skill level 1 in Poison Magic
   674 | D:2      | Reached XP level 5. HP: 43/47 MP: 6/6
  1082 | D:2      | Found an ancient bone altar of Kikubaaqudgha.
  1232 | D:2      | Learned a level 1 spell: Apportation
  1393 | D:2      | Reached XP level 6. HP: 48/53 MP: 8/8
  1422 | D:2      | Found a sacrificial altar of Ru.
  1998 | D:3      | Found a hide-covered altar of Uskayaw.
  2239 | D:3      | Found a glowing silver altar of Zin.
  2653 | D:4      | Reached skill level 5 in Axes
  3354 | D:5      | Entered Level 5 of the Dungeon
  3373 | D:5      | Noticed a necrophage
  3384 | D:5      | Killed a necrophage
  3384 | D:5      | Reached skill level 2 in Polearms
  3484 | D:5      | Reached XP level 7. HP: 55/59 MP: 10/10
  3817 | D:5      | Noticed Ijyb
  3827 | D:5      | Killed Ijyb
  3914 | D:5      | Found a shattered altar of Ashenzari.
  4135 | D:5      | Found a basalt altar of Yredelemnul.
  4333 | D:6      | Found Enwan Raf's Antique Armour Shop.
  4377 | D:6      | Found a snail-covered altar of Cheibriados.
  4379 | D:6      | Found a radiant altar of Vehumet.
  4651 | D:6      | Reached XP level 8. HP: 53/67 MP: 12/12
  4757 | D:6      | Reached skill level 3 in Polearms
  5013 | D:6      | Found a staircase to the Ecumenical Temple.
  5025 | Temple   | Entered the Ecumenical Temple
  5971 | D:7      | Noticed Menkaure
  5976 | D:7      | Killed Menkaure
  6116 | D:7      | Found an opulent altar of Gozag.
  6155 | D:7      | Became a worshipper of Gozag Ym Sagoz the Greedy
  6175 | D:7      | Found an ornate altar of the Wu Jian Council.
  6331 | D:7      | Noticed a hippogriff
  6358 | D:7      | Reached XP level 9. HP: 15/72 MP: 14/14
  6738 | D:8      | Reached skill level 4 in Polearms
  6859 | D:8      | Reached skill level 5 in Invocations
  6884 | D:8      | Found a staircase to the Lair.
  6938 | D:8      | Reached XP level 10. HP: 32/80 MP: 15/17
  7196 | D:8      | Noticed Pikel
  7211 | D:8      | Killed Pikel
  7222 | D:8      | Reached skill level 5 in Short Blades
  7222 | D:8      | Reached skill level 5 in Long Blades
  7222 | D:8      | Reached skill level 5 in Maces & Flails
  7222 | D:8      | Reached skill level 5 in Polearms
  7222 | D:8      | Reached skill level 5 in Staves
  7222 | D:8      | Reached skill level 5 in Slings
  7222 | D:8      | Reached skill level 5 in Bows
  7222 | D:8      | Reached skill level 5 in Crossbows
  7222 | D:8      | Reached skill level 5 in Throwing
  7222 | D:8      | Reached skill level 5 in Dodging
  7222 | D:8      | Reached skill level 5 in Stealth
  7222 | D:8      | Reached skill level 5 in Unarmed Combat
  7222 | D:8      | Reached skill level 5 in Spellcasting
  7222 | D:8      | Reached skill level 5 in Evocations
  7231 | D:8      | Found an iron altar of Okawaru.
  7398 | D:8      | Found a stormy altar of Qazlal.
  7727 | D:9      | Learned a level 2 spell: Sticks to Snakes
  7728 | D:9      | Found a bloodstained altar of Trog.
  8880 | D:10     | Entered Level 10 of the Dungeon
  9011 | D:10     | Reached XP level 11. HP: 87/87 MP: 19/19
  9677 | D:10     | Found a staircase to the Orcish Mines.
 10019 | Lair:1   | Entered Level 1 of the Lair of Beasts
 10044 | Lair:1   | Noticed a five-headed hydra
 10070 | Lair:1   | Killed a five-headed hydra
 10070 | Lair:1   | Reached skill level 6 in Polearms
 10070 | Lair:1   | Reached skill level 5 in Conjurations
 10070 | Lair:1   | Reached skill level 5 in Hexes
 10070 | Lair:1   | Reached skill level 5 in Charms
 10070 | Lair:1   | Reached skill level 5 in Summonings
 10070 | Lair:1   | Reached skill level 5 in Necromancy
 10070 | Lair:1   | Reached skill level 5 in Translocations
 10070 | Lair:1   | Reached skill level 5 in Transmutations
 10070 | Lair:1   | Reached skill level 5 in Fire Magic
 10070 | Lair:1   | Reached skill level 5 in Ice Magic
 10070 | Lair:1   | Reached skill level 5 in Air Magic
 10070 | Lair:1   | Reached skill level 5 in Earth Magic
 10070 | Lair:1   | Reached skill level 5 in Poison Magic
 11885 | Lair:1   | Got a steaming shortbow
 11911 | Lair:1   | Identified the +1 shortbow "Pohuint" {freeze, -Tele rPois
                  | rF+ MR++} (You found it on level 1 of the Lair of Beasts)
 12600 | Lair:2   | Noticed Nergalle
 12604 | Lair:2   | Killed Nergalle
 12604 | Lair:2   | Reached XP level 12. HP: 96/96 MP: 22/22
 12747 | Lair:2   | Found a staircase to the Snake Pit.
 13459 | Lair:2   | Reached skill level 7 in Polearms
 14072 | Lair:3   | Noticed a six-headed hydra
 14147 | Lair:3   | Killed a six-headed hydra
 14851 | Lair:3   | Reached skill level 10 in Fighting
 14851 | Lair:3   | Reached skill level 10 in Armour
 14851 | Lair:3   | Reached skill level 10 in Shields
 15077 | Lair:1   | Bought the +8 whip "Snakebite" {curare, rPois} for 1300
                  | gold pieces
 15077 | Lair:1   | Found the +8 whip "Snakebite" {curare, rPois}
 15630 | Lair:4   | Noticed a death yak
 15630 | Lair:4   | Noticed a death yak
 15630 | Lair:4   | Noticed a death yak
 15630 | Lair:4   | Noticed a death yak
 15630 | Lair:4   | Noticed a death yak
 15630 | Lair:4   | Noticed a death yak
 15778 | Lair:4   | Killed a death yak
 15831 | Lair:3   | Killed a death yak
 15842 | Lair:3   | Killed a death yak
 15842 | Lair:3   | Reached XP level 13. HP: 101/103 MP: 24/24
 16184 | Lair:4   | Noticed Josephine
 16201 | Lair:4   | Killed Josephine
 16201 | Lair:4   | Reached skill level 8 in Polearms
 16663 | Lair:4   | Noticed a dire elephant
 16695 | Lair:4   | Killed a dire elephant
 17097 | Lair:4   | Found a staircase to the Shoals.
 17440 | Lair:5   | Noticed Nessos
 17445 | Lair:5   | Killed Nessos
 18212 | Lair:6   | Entered Level 6 of the Lair of Beasts
 18238 | Lair:6   | Reached XP level 14. HP: 65/111 MP: 26/26
 18642 | Lair:6   | Found a runed gate.
 18643 | Lair:6   | Found a runed gate.
 18644 | Lair:6   | Found a runed gate.
 18662 | Lair:6   | Noticed bmj180's ghost (journeyman GrEE)
 18886 | Lair:6   | Noticed Sonja
 18893 | Lair:6   | Killed Sonja
 19076 | Lair:6   | Reached skill level 10 in Axes
 19151 | Lair:6   | Found a viscous altar of Jiyva.
 19530 | Lair:1   | Bought a glowing broad axe for 168 gold pieces
 19629 | Orc:1    | Entered Level 1 of the Orcish Mines
 19643 | Orc:1    | Noticed Maurice
 19653 | Orc:1    | Killed Maurice
 19683 | Orc:1    | Goblin1989: ??wand_of_random_effects
 19683 | Orc:1    | XtahuaRules: wand of random effects[1/2]: An unreliable
                  | wand which produces a variety of random, mostly harmful,
                  | effects. You might cook Sigmund, or haste him. Doesn't
                  | include heal wounds. Does include draining -- the good gods
                  | won't like it if that happens. Now includes malmutate!
 19712 | Orc:1    | Goblin1989: ванда рандома больше не дигает. запомнить
 19744 | Orc:2    | Entered Level 2 of the Orcish Mines
 19744 | Orc:2    | Found Ugocko's Armour Emporium.
 19803 | Orc:1    | Found a dark tunnel.
 19833 | Volcano  | Entered a volcano
 20127 | Volcano  | Reached skill level 9 in Polearms
 20277 | Volcano  | Noticed a red draconian
 20481 | Volcano  | Killed a red draconian
 20481 | Volcano  | Reached skill level 10 in Invocations
 20662 | Volcano  | Found a burning altar of Makhleb.
 20678 | Volcano  | Identified the Volume of Ice and the Voyage
 20898 | Orc:1    | Noticed Gastronok
 20924 | Orc:1    | Killed Gastronok
 21198 | Orc:2    | Bought a +0 hat of magic resistance for 165 gold pieces
 21289 | Orc:2    | Found a staircase to the Elven Halls.
 21333 | Orc:1    | Noticed Erolcha
 21341 | Orc:1    | Killed Erolcha
 21998 | Orc:2    | Reached XP level 15. HP: 67/119 MP: 28/28
 22067 | Orc:2    | Found Zoitz's Distillery.
 22083 | Orc:2    | Found Ifui's Weapon Boutique.
 22089 | Orc:2    | Found Ofilio's Armour Emporium.
 22104 | Orc:2    | Found Rirampaff's Weapon Boutique.
 22174 | Orc:2    | Bought a +0 plate armour of magic resistance for 450 gold
                  | pieces
 22751 | D:11     | Found a runed gate.
 22751 | D:11     | Noticed zapotec's ghost (journeyman MfTm)
 22752 | D:11     | Found a runed gate.
 22753 | D:11     | Found a runed gate.
 22753 | D:11     | Found a roughly hewn altar of Beogh.
 22864 | D:11     | Killed zapotec's ghost
 23213 | D:11     | Reached skill level 10 in Short Blades
 23213 | D:11     | Reached skill level 10 in Long Blades
 23213 | D:11     | Reached skill level 10 in Maces & Flails
 23213 | D:11     | Reached skill level 10 in Polearms
 23213 | D:11     | Reached skill level 10 in Staves
 23213 | D:11     | Reached skill level 10 in Slings
 23213 | D:11     | Reached skill level 10 in Bows
 23213 | D:11     | Reached skill level 10 in Crossbows
 23213 | D:11     | Reached skill level 10 in Throwing
 23213 | D:11     | Reached skill level 10 in Dodging
 23213 | D:11     | Reached skill level 10 in Stealth
 23213 | D:11     | Reached skill level 10 in Unarmed Combat
 23213 | D:11     | Reached skill level 10 in Spellcasting
 23213 | D:11     | Reached skill level 10 in Evocations
 23213 | D:11     | Reached XP level 16. HP: 127/127 MP: 28/30
 23216 | D:11     | Got a steaming flail
 23650 | D:12     | Found a labyrinth entrance.
 23659 | Lab      | Entered a labyrinth
 24266 | Lab      | Identified the +9 flail of the Red Skies {pain, MR- MP+9
                  | Str+3} (You found it on level 11 of the Dungeon)
 24281 | Lab      | Got an iridescent short sword
 24282 | Lab      | Identified the +2 short sword "Tickotig" {pain, SInv} (You
                  | found it in a labyrinth)
 24284 | Lab      | Identified the Reference Book on Clay
 24292 | Lab      | Learned a level 5 spell: Borgnjor's Vile Clutch
 24827 | D:12     | Learned a level 6 spell: Statue Form
 25139 | D:13     | Noticed Azrael
 25182 | D:13     | Killed Azrael
 25569 | D:13     | Found a bloodstained altar of Trog.
 25780 | D:13     | Learned a level 2 spell: Passwall
 26154 | D:14     | Found a gate to the Vaults.
 26203 | D:15     | Entered Level 15 of the Dungeon
 26246 | D:15     | Found Estel's Book Shoppe.
 27080 | D:15     | Found Jurhuf's Gadget Shop.
 27270 | D:15     | Found Obruney's Armour Boutique.
 27582 | D:15     | Goblin1989: 1 gold the -6 shield "Vawoss" {rPois rC- rN+
                  | Int+5}
 27717 | D:15     | Got an iridescent long sword
 27718 | D:15     | Identified the +10 long sword "Jetre Orch" {drain, rC+
                  | Str+5 Int+2} (You found it on level 15 of the Dungeon)
 27829 | D:15     | Reached XP level 17. HP: 64/132 MP: 31/31
 28098 | D:15     | Found Rolunaj's Antique Weapon Boutique.
 28251 | D:15     | Found a staircase to the Depths.
 28549 | Lair:1   | Bought a ration for 65 gold pieces
 28549 | Lair:1   | Bought a ration for 65 gold pieces
 28549 | Lair:1   | Bought a ration for 65 gold pieces
 28549 | Lair:1   | Bought a ration for 65 gold pieces
 28549 | Lair:1   | Bought a ration for 65 gold pieces
 28549 | Lair:1   | Bought a ration for 65 gold pieces
 28549 | Lair:1   | Bought a ration for 65 gold pieces
 28549 | Lair:1   | Bought a ration for 65 gold pieces
 28549 | Lair:1   | Bought a ration for 65 gold pieces
 28549 | Lair:1   | Bought a ration for 65 gold pieces
 28644 | D:6      | Bought a slimy scale mail for 252 gold pieces
 28656 | D:6      | Identified the +3 scale mail "Licwyraz" {Int+2 Stlth+} (You
                  | bought it in a shop on level 6 of the Dungeon)
 28667 | D:6      | Bought an ancient ring mail for 252 gold pieces
 28677 | D:6      | Identified the +3 ring mail of the Sun {+Blink rElec rC-
                  | MR+} (You bought it in a shop on level 6 of the Dungeon)
 28814 | Snake:1  | Entered Level 1 of the Snake Pit
 30152 | Snake:1  | Noticed Rupert
 30178 | Snake:1  | Killed Rupert
 31194 | Snake:2  | Found a runed door.
 31197 | Snake:2  | Noticed Ireq's ghost (adept MfGl)
 31230 | Snake:2  | Reached skill level 11 in Polearms
 31231 | Snake:2  | Noticed Saint Roka
 31262 | Snake:2  | Killed Saint Roka
 32120 | Snake:2  | Noticed Vashnia
 32228 | Snake:2  | Found a bloodstained altar of Trog.
 33371 | Orc:2    | Bought the cursed +1 robe "Dadur" {*Corrode rElec Int+4}
                  | for 292 gold pieces
 33630 | Shoals:1 | Entered Level 1 of the Shoals
 36069 | Snake:3  | Bought the +0 pair of gloves of the Tortoise {rPois} for
                  | 251 gold pieces
 36106 | Snake:4  | Entered Level 4 of the Snake Pit
 36117 | Snake:4  | Reached XP level 18. HP: 142/142 MP: 33/33
 36474 | Snake:4  | HP: 7/142 [poisoned by a nagaraja (splash of poison)]
 36480 | Snake:3  | HP: 7/142 [poisoned by a nagaraja (splash of poison)]
 36965 | Snake:4  | Got a polished ring mail
 36996 | Snake:4  | Identified the +8 ring mail "Ygeirgh" {Dex+7} (You found it
                  | on level 4 of the Snake Pit)
 38690 | Snake:4  | Reached skill level 10 in Conjurations
 38690 | Snake:4  | Reached skill level 10 in Hexes
 38690 | Snake:4  | Reached skill level 10 in Charms
 38690 | Snake:4  | Reached skill level 10 in Summonings
 38690 | Snake:4  | Reached skill level 10 in Necromancy
 38690 | Snake:4  | Reached skill level 10 in Translocations
 38690 | Snake:4  | Reached skill level 10 in Transmutations
 38690 | Snake:4  | Reached skill level 10 in Fire Magic
 38690 | Snake:4  | Reached skill level 10 in Ice Magic
 38690 | Snake:4  | Reached skill level 10 in Air Magic
 38690 | Snake:4  | Reached skill level 10 in Earth Magic
 38690 | Snake:4  | Reached skill level 10 in Poison Magic
 40587 | Snake:4  | Found a runed gate.
 40587 | Snake:4  | Found a runed gate.
 40587 | Snake:4  | Found a runed gate.
 40821 | Snake:4  | Got a serpentine rune of Zot
 41024 | Snake:4  | Reached skill level 12 in Polearms
 41461 | Vaults:1 | Entered Level 1 of the Vaults
 41797 | Vaults:1 | Found Sudy's Book Shoppe.
 41816 | Vaults:1 | Learned a level 5 spell: Irradiate
 41933 | Vaults:1 | Reached XP level 19. HP: 105/150 MP: 35/35
 42453 | Vaults:1 | Bought a ration for 55 gold pieces
 42453 | Vaults:1 | Bought a ration for 55 gold pieces
 42453 | Vaults:1 | Bought a ration for 55 gold pieces
 42453 | Vaults:1 | Bought a ration for 55 gold pieces
 42453 | Vaults:1 | Bought a ration for 55 gold pieces
 42453 | Vaults:1 | Bought a ration for 55 gold pieces
 42453 | Vaults:1 | Bought a ration for 55 gold pieces
 42453 | Vaults:1 | Bought a ration for 55 gold pieces
 42453 | Vaults:1 | Bought a ration for 55 gold pieces
 43456 | Vaults:2 | Noticed Asterion
 43472 | Vaults:2 | Killed Asterion
 43846 | Vaults:2 | Got a warped brass ring
 43878 | Vaults:2 | Identified the ring of the Iron Devil {Ice Int+6} (You took
                  | it off an ironbrand convoker on level 2 of the Vaults)
 45501 | Vaults:3 | Found a flickering gateway to a bazaar.
 45512 | Bazaar   | Entered a bazaar
 45512 | Bazaar   | Found Saebbur's General Store.
 45512 | Bazaar   | Found Millik's Jewellery Shoppe.
 45512 | Bazaar   | Found Rotofopn's Assorted Antiques.
 45514 | Bazaar   | Found Ymaac's Magic Scroll Shop.
 45514 | Bazaar   | Found Retas's Armour Emporium.
 45550 | Bazaar   | Bought a potion of agility for 36 gold pieces
 45550 | Bazaar   | Bought a ration for 45 gold pieces
 45550 | Bazaar   | Bought a scroll of teleportation for 27 gold pieces
 45550 | Bazaar   | Bought a wand of iceblast (10) for 126 gold pieces
 45550 | Bazaar   | Bought a potion of mutation for 72 gold pieces
 45563 | Bazaar   | Bought a scroll of identify for 36 gold pieces
 45563 | Bazaar   | Bought a scroll of identify for 36 gold pieces
 45563 | Bazaar   | Bought a scroll of magic mapping for 63 gold pieces
 45563 | Bazaar   | Bought a scroll of identify for 36 gold pieces
 45568 | Bazaar   | Bought a scroll of teleportation for 99 gold pieces
 45568 | Bazaar   | Bought a scroll of identify for 66 gold pieces
 45568 | Bazaar   | Bought a potion of heal wounds for 165 gold pieces
 45568 | Bazaar   | Bought a scroll of enchant weapon for 247 gold pieces
 45730 | Vaults:3 | Identified a scroll of acquirement
 45739 | Vaults:3 | Found Elorr's Antique Armour Boutique.
 45777 | Vaults:3 | Reached XP level 20. HP: 134/159 MP: 36/36
 45810 | Vaults:3 | Bought the +2 shield of Resistance {rF+ rC+ MR+} for 1890
                  | gold pieces
 45810 | Vaults:3 | Found the +2 shield of Resistance {rF+ rC+ MR+}
 46088 | Vaults:3 | Found Buumou's Distillery.
 46109 | Vaults:3 | Bought a potion of experience for 750 gold pieces
 46109 | Vaults:3 | Reached XP level 21. HP: 145/165 MP: 37/37
 46278 | Vaults:3 | Reached skill level 13 in Polearms
 46286 | Vaults:3 | HP: 8/214 [orc priest/divine providence[an orc knight]
                  | (14)]
 46647 | Vaults:3 | Learned a level 5 spell: Summon Forest
 46654 | Vaults:3 | Learned a level 6 spell: Shadow Creatures
 46663 | Vaults:3 | Learned a level 5 spell: Aura of Abjuration
 47265 | Vaults:3 | Found a staircase to the Crypt.
 47864 | Vaults:4 | Found Unom's Food Shoppe.
 47870 | Vaults:4 | Bought a ration for 50 gold pieces
 47870 | Vaults:4 | Bought a ration for 50 gold pieces
 47870 | Vaults:4 | Bought a ration for 50 gold pieces
 47870 | Vaults:4 | Bought a ration for 50 gold pieces
 47870 | Vaults:4 | Bought a ration for 50 gold pieces
 47870 | Vaults:4 | Bought a ration for 50 gold pieces
 47870 | Vaults:4 | Bought a ration for 50 gold pieces
 47870 | Vaults:4 | Bought a ration for 50 gold pieces
 47870 | Vaults:4 | Bought a ration for 50 gold pieces
 47870 | Vaults:4 | Bought a ration for 50 gold pieces
 47870 | Vaults:4 | Bought a ration for 50 gold pieces
 47870 | Vaults:4 | Bought a ration for 50 gold pieces
 47870 | Vaults:4 | Bought a ration for 50 gold pieces
 48782 | Vaults:5 | Entered Level 5 of the Vaults
 49061 | Elf:1    | Entered Level 1 of the Elven Halls
 49219 | Elf:1    | Reached XP level 22. HP: 173/173 MP: 35/39
 50021 | Elf:1    | HP: 2/226 [deep elf mage/bolt of negative energy (14)]
 50524 | Elf:1    | You fall through a shaft!
 50784 | Elf:2    | Found a runed gate.
 50784 | Elf:2    | Found a runed gate.
 50784 | Elf:2    | Found a runed gate.
 50923 | Elf:2    | Found Serph's Armour Shoppe.
 51106 | Elf:1    | Identified the Guide on Attacks
 51528 | Elf:2    | Found Eciperam's Food Shop.
 51530 | Elf:2    | Found Suptuta's Food Shop.
 51593 | Elf:2    | Noticed Louise
 51613 | Elf:2    | Reached skill level 15 in Fighting
 51613 | Elf:2    | Reached skill level 15 in Armour
 51613 | Elf:2    | Reached skill level 15 in Shields
 51715 | Elf:2    | Noticed Donald
 51799 | Elf:2    | Killed Donald
 51992 | Elf:2    | Killed Louise
 52007 | Elf:2    | Got a brightly glowing large shield
 52008 | Elf:2    | Identified the cursed -8 large shield "Tunlequ" {Str+4}
                  | (You took it off Louise on level 2 of the Elven Halls)
 52066 | Elf:2    | Reached skill level 15 in Invocations
 52290 | Elf:3    | Entered Level 3 of the Elven Halls
 52364 | Elf:3    | Found Xigifiyfe's Assorted Antiques.
 52373 | Elf:3    | Bought a metal-bound book for 390 gold pieces
 53076 | Elf:3    | Reached skill level 14 in Polearms
 53089 | Elf:3    | Reached XP level 23. HP: 181/181 MP: 23/41
 53362 | Elf:3    | Identified the +2 cloak "Onaotais" {Dex+3} (You found it on
                  | level 3 of the Elven Halls)
 53391 | Elf:3    | Found the +2 pair of boots of the Assassin {Detection Stab+
                  | Stlth++}
 53604 | Elf:3    | Got a slimy glass ring
 53608 | Elf:3    | Got a jewelled morningstar
 53612 | Elf:3    | Identified the cursed ring "Reukk" {Int+6 Dex-2} (You found
                  | it on level 3 of the Elven Halls)
 53614 | Elf:3    | Identified the +7 morningstar "Hefiqeco" {protect, Str+4}
                  | (You found it on level 3 of the Elven Halls)
 54211 | D:15     | Bought a book of Party Tricks for 850 gold pieces
 54215 | D:15     | Learned a level 3 spell: Lesser Beckoning
 54843 | Shoals:1 | Learned a level 4 spell: Summon Lightning Spire
 55360 | Shoals:2 | Reached skill level 15 in Axes
 55943 | Elf:3    | Learned a level 7 spell: Summon Hydra
 56958 | Shoals:3 | Noticed Ilsuiw
 57021 | Shoals:3 | Killed Ilsuiw
 57543 | Shoals:4 | Entered Level 4 of the Shoals
 57792 | Shoals:4 | Found a runed door.
 57860 | Shoals:4 | Noticed Kirke
 57866 | Shoals:4 | Killed Kirke
 58011 | Shoals:4 | Got a barnacled rune of Zot
 58211 | Shoals:4 | Noticed Nikola
 58212 | Shoals:4 | Noticed Polyphemus
 58231 | Shoals:4 | Killed Polyphemus
 58249 | Shoals:4 | Killed Nikola
 58509 | Shoals:4 | Noticed kalagan's ghost (journeyman DEEE)
 59097 | Elf:2    | Bought a ration for 65 gold pieces
 59097 | Elf:2    | Bought a ration for 65 gold pieces
 59097 | Elf:2    | Bought a ration for 65 gold pieces
 59097 | Elf:2    | Bought a ration for 65 gold pieces
 59097 | Elf:2    | Bought a ration for 65 gold pieces
 59097 | Elf:2    | Bought a ration for 65 gold pieces
 59097 | Elf:2    | Bought a ration for 65 gold pieces
 59097 | Elf:2    | Bought a ration for 65 gold pieces
 59097 | Elf:2    | Bought a ration for 65 gold pieces
 59097 | Elf:2    | Bought a ration for 65 gold pieces
 59097 | Elf:2    | Bought a ration for 65 gold pieces
 59099 | Elf:2    | Bought a ration for 70 gold pieces
 59099 | Elf:2    | Bought a ration for 70 gold pieces
 59099 | Elf:2    | Bought a ration for 70 gold pieces
 59099 | Elf:2    | Bought a ration for 70 gold pieces
 59099 | Elf:2    | Bought a ration for 70 gold pieces
 59099 | Elf:2    | Bought a ration for 70 gold pieces
 59099 | Elf:2    | Bought a ration for 70 gold pieces
 59099 | Elf:2    | Bought a ration for 70 gold pieces
 59099 | Elf:2    | Bought a ration for 70 gold pieces
 59099 | Elf:2    | Bought a ration for 70 gold pieces
 59099 | Elf:2    | Bought a ration for 70 gold pieces
 59099 | Elf:2    | Bought a ration for 70 gold pieces
 59099 | Elf:2    | Bought a ration for 70 gold pieces
 59099 | Elf:2    | Bought a ration for 70 gold pieces
 59432 | Crypt:1  | Entered Level 1 of the Crypt
 59486 | Crypt:1  | Reached XP level 24. HP: 191/191 MP: 41/41
 59709 | Crypt:1  | Found a basalt altar of Yredelemnul.
 60048 | Crypt:1  | Noticed Aizul
 60059 | Crypt:1  | Killed Aizul
 60842 | Crypt:2  | Reached skill level 15 in Short Blades
 60842 | Crypt:2  | Reached skill level 15 in Long Blades
 60842 | Crypt:2  | Reached skill level 15 in Maces & Flails
 60842 | Crypt:2  | Reached skill level 15 in Polearms
 60842 | Crypt:2  | Reached skill level 15 in Staves
 60842 | Crypt:2  | Reached skill level 15 in Slings
 60842 | Crypt:2  | Reached skill level 15 in Bows
 60842 | Crypt:2  | Reached skill level 15 in Crossbows
 60842 | Crypt:2  | Reached skill level 15 in Throwing
 60842 | Crypt:2  | Reached skill level 15 in Dodging
 60842 | Crypt:2  | Reached skill level 15 in Stealth
 60842 | Crypt:2  | Reached skill level 15 in Unarmed Combat
 60842 | Crypt:2  | Reached skill level 15 in Spellcasting
 60842 | Crypt:2  | Reached skill level 15 in Evocations
 61374 | Crypt:3  | Entered Level 3 of the Crypt
 61942 | Crypt:3  | Identified the +10 trident of Cocytus {vamp, rPois Dex+3}
                  | (You took it off a vampire mage on level 3 of the Crypt)
 61947 | Crypt:3  | Found a staircase to the Tomb.
 62178 | Crypt:3  | Identified the +7 hunting sling of Dullness {venom, rElec
                  | rF- rC- Int+8} (You found it on level 3 of the Crypt)
 62502 | Crypt:3  | Found an ancient bone altar of Kikubaaqudgha.
 62665 | Crypt:3  | Noticed an ancient lich
 62675 | Crypt:3  | Killed an ancient lich
 62682 | Crypt:3  | Identified the ring of the Worm {*Contam +Fly rC+ Int+3}
                  | (You found it on level 3 of the Crypt)
 62710 | Crypt:3  | Learned a level 5 spell: Yara's Violent Unravelling
 62842 | Crypt:3  | Learned a level 4 spell: Passage of Golubria
 63032 | Crypt:3  | Reached XP level 25. HP: 198/198 MP: 32/42
 63309 | Depths:1 | Entered Level 1 of the Depths
 63380 | Depths:1 | Found Vytror's Elemental Accessories.
 63424 | Depths:1 | Found a gateway to Hell.
 63861 | Depths:1 | Found a one-way gate leading to the halls of Pandemonium.
 64167 | Depths:2 | Found a one-way gate to the infinite horrors of the Abyss.
 64419 | Depths:2 | Found a transporter.
 64445 | Depths:2 | Found a viscous altar of Jiyva.
 64531 | Depths:2 | Learned a level 3 spell: Regeneration
 64534 | Depths:2 | Learned a level 2 spell: Song of Slaying
 64617 | Depths:2 | Reached skill level 16 in Polearms
 64778 | Depths:2 | Found the +18 shield of the Gong {rElec rN+ MR+ EV-5}
 64816 | Depths:2 | Found a transporter.
 65194 | Depths:3 | Learned a level 2 spell: Blink
 65541 | Depths:3 | Found a sparkling altar of Nemelex Xobeh.
 65690 | Depths:3 | Paralysed by a floating eye for 3 turns
 66056 | Depths:3 | Noticed a juggernaut
 66078 | Depths:3 | Killed a juggernaut
 66078 | Depths:3 | Reached XP level 26. HP: 173/207 MP: 12/42
 66440 | Depths:4 | Noticed Xtahua
 66451 | Depths:4 | Killed Xtahua
 66648 | Depths:4 | Reached skill level 17 in Polearms
 66805 | Depths:4 | Noticed Margery
 66816 | Depths:4 | Killed Margery
 67429 | Depths:4 | Gained mutation: You are clumsy. (Dex -2) [a neqoxec]
 67430 | Depths:4 | Gained mutation: You are weak. (Str -2) [a neqoxec]
 67686 | Depths:4 | Identified the +3 broad axe "Goblinslayer" {holy, *Noise
                  | Str+3 Dex+3} (You took it off a tengu reaver on level 4 of
                  | the Depths)
 67765 | Depths:5 | Entered Level 5 of the Depths
 67803 | Depths:5 | Found a gateway to a ziggurat.
 67860 | Depths:5 | Found a gate to the Realm of Zot.
 68276 | Depths:5 | Identified the cursed +0 ring mail "Deczeusu" {rPois rF+++
                  | Regen+ Stlth-} (You found it on level 5 of the Depths)
 68326 | Depths:5 | Reached XP level 27. HP: 215/215 MP: 38/43
 69180 | Vaults:4 | Reached skill level 18 in Polearms
 69433 | Vaults:5 | Noticed an ancient lich
 69441 | Vaults:5 | Cast into level 5 of the Abyss (an ancient lich)
 69441 | Abyss:5  | Entered Level 5 of the Abyss
 69539 | Vaults:5 | Escaped the Abyss
 69564 | Vaults:5 | Killed an ancient lich
 69621 | Vaults:5 | Noticed an ancient lich
 69646 | Vaults:5 | Killed an ancient lich
 70071 | Vaults:5 | Reached skill level 19 in Polearms
 70134 | Vaults:5 | Noticed Boris
 70155 | Vaults:5 | Killed Boris
 70244 | Vaults:5 | Got a silver rune of Zot
 70354 | Vaults:5 | Reached skill level 15 in Conjurations
 70354 | Vaults:5 | Reached skill level 15 in Hexes
 70354 | Vaults:5 | Reached skill level 15 in Charms
 70354 | Vaults:5 | Reached skill level 15 in Summonings
 70354 | Vaults:5 | Reached skill level 15 in Necromancy
 70354 | Vaults:5 | Reached skill level 15 in Translocations
 70354 | Vaults:5 | Reached skill level 15 in Transmutations
 70354 | Vaults:5 | Reached skill level 15 in Fire Magic
 70354 | Vaults:5 | Reached skill level 15 in Ice Magic
 70354 | Vaults:5 | Reached skill level 15 in Air Magic
 70354 | Vaults:5 | Reached skill level 15 in Earth Magic
 70354 | Vaults:5 | Reached skill level 15 in Poison Magic
 70658 | Vaults:5 | Identified the Compendium of Mezcal
 71015 | Vaults:5 | Identified the +0 helmet of Xiukk {-Cast rF+ Str+5 Int+4}
                  | (You found it on level 5 of the Vaults)
 71502 | Snake:3  | Bought a +1 helmet of see invisible for 264 gold pieces
 71756 | Orc:2    | Bought a potion of heal wounds for 65 gold pieces
 71756 | Orc:2    | Bought a potion of brilliance for 52 gold pieces
 71756 | Orc:2    | Bought a potion of might for 52 gold pieces
 71756 | Orc:2    | Bought a potion of ambrosia for 104 gold pieces
 71756 | Orc:2    | Bought a potion of haste for 130 gold pieces
 71756 | Orc:2    | Bought a potion of haste for 130 gold pieces
 71876 | Elf:3    | Bought a scroll of summoning for 247 gold pieces
 71876 | Elf:3    | Bought a scroll of fog for 52 gold pieces
 72247 | Vaults:3 | Bought a potion of heal wounds for 75 gold pieces
 72247 | Vaults:3 | Bought 2 potions of magic for 240 gold pieces
 72247 | Vaults:3 | Bought a potion of brilliance for 60 gold pieces
 72247 | Vaults:3 | Bought a potion of resistance for 150 gold pieces
 72403 | D:15     | Bought a wand of digging (13) for 442 gold pieces
 72403 | D:15     | Bought a wand of paralysis (15) for 221 gold pieces
 72403 | D:15     | Bought a wand of iceblast (10) for 182 gold pieces
 72464 | Depths:1 | Bought a wand of digging (10) for 448 gold pieces
 73371 | Lair:5   | Found a staircase to the Slime Pits.
 73426 | Slime:1  | Entered Level 1 of the Pits of Slime
 73713 | Slime:5  | Entered Level 5 of the Pits of Slime
 73782 | Slime:5  | Found a viscous altar of Jiyva.
 73783 | Slime:5  | Noticed the Royal Jelly
 73808 | Slime:5  | Killed the Royal Jelly
 73886 | Slime:5  | Identified Omotukk's Guide on Good Luck and the Entourage
 73892 | Slime:5  | Got a fine chain mail
 73893 | Slime:5  | Identified the cursed +1 chain mail of Decompression {+Inv
                  | rN+} (You found it on level 5 of the Pits of Slime)
 73900 | Slime:5  | Got a colourful robe
 73901 | Slime:5  | Identified the +0 robe "Cimoahyz" {rPois rF++ Int-5 Slay+2}
                  | (You found it on level 5 of the Pits of Slime)
 73913 | Slime:5  | Identified the Compendium of the Blaze and Lightness
 73927 | Slime:5  | Got a pitted leather armour
 73928 | Slime:5  | Identified the +1 leather armour "Lirato" {Str+2} (You
                  | found it on level 5 of the Pits of Slime)
 73969 | Slime:5  | Got a warped golden ring
 73970 | Slime:5  | Identified the ring "Hiuwyon" {+Inv rPois rF+++ Slay-5
                  | Stlth+} (You found it on level 5 of the Pits of Slime)
 73973 | Slime:5  | Got a slimy rune of Zot
 73977 | Slime:5  | Got a warped long sword
 74475 | Zot:1    | Entered Level 1 of the Realm of Zot
 74652 | Zot:1    | Reached skill level 20 in Polearms
 74985 | Zot:1    | Identified the +8 dagger of Xefeles {speed, rC+ Str-2
                  | Dex+6} (You found it on level 1 of the Realm of Zot)
 75354 | Depths:5 | Learned a level 6 spell: Invisibility
 75582 | Zot:1    | Identified the +6 scimitar of Extinguishment {antimagic,
                  | rF+ Str+4} (You found it on level 1 of the Realm of Zot)
 76309 | Zot:5    | Entered Level 5 of the Realm of Zot
 76486 | Zot:5    | Noticed an ancient lich
 76488 | Zot:5    | Noticed an ancient lich
 76490 | Zot:5    | Noticed an ancient lich
 76491 | Zot:5    | Noticed an orb of fire
 76499 | Zot:5    | Killed an orb of fire
 76505 | Zot:5    | Killed an ancient lich
 76508 | Zot:5    | Noticed an ancient lich
 76511 | Zot:5    | Noticed an orb of fire
 76557 | Zot:5    | Killed an ancient lich
 76616 | Zot:5    | Killed an ancient lich
 76630 | Zot:5    | Noticed an ancient lich
 76636 | Zot:5    | Noticed an orb of fire
 76736 | Zot:5    | Got the Orb of Zot
 76763 | Zot:5    | Killed an orb of fire
 77092 | D:15     | Noticed Qeifoegh the pandemonium lord
 77102 | D:15     | Gained mutation: You do not regenerate when monsters are
                  | visible. [a neqoxec]
 77132 | D:14     | Lost mutation: You are weak. (Str -2) [potion of mutation]
 77132 | D:14     | Lost mutation: You are clumsy. (Dex -2) [potion of
                  | mutation]
 77132 | D:14     | Gained mutation: Scrolls take you a little longer to read.
                  | [potion of mutation]
 77132 | D:14     | Gained mutation: Your system is resistant to poisons.
                  | (rPois) [potion of mutation]
 77133 | D:14     | Lost mutation: Scrolls take you a little longer to read.
                  | [potion of mutation]
 77133 | D:14     | Lost mutation: Your system is resistant to poisons. (rPois)
                  | [potion of mutation]
 77133 | D:14     | Gained mutation: Your flesh is heat resistant. (rF+)
                  | [potion of mutation]
 77133 | D:14     | Gained mutation: You are dopey. (Int -2) [potion of
                  | mutation]
 77133 | D:14     | Lost mutation: You are dopey. (Int -2) [potion of mutation]
 77134 | D:14     | Lost mutation: Your flesh is heat resistant. (rF+) [potion
                  | of mutation]
 77134 | D:14     | Lost mutation: You do not regenerate when monsters are
                  | visible. [potion of mutation]
 77134 | D:14     | Gained mutation: You are frail. (-10% HP) [potion of
                  | mutation]
 77134 | D:14     | Lost mutation: You are frail. (-10% HP) [potion of
                  | mutation]
 77134 | D:14     | Gained mutation: Your natural rate of healing is unusually
                  | fast. [potion of mutation]
 77134 | D:14     | Gained mutation: You are resistant to hostile enchantments.
                  | (MR+) [potion of mutation]
 77308 | D:8      | Noticed Gachesif the pandemonium lord
 77483 | D:$      | Escaped with the Orb!

Skill      XL: |  1  2  3  4  5  6  7  8  9 10 11 12 13 14 15 16 17 18 19 20 21 22 23 24 25 26 27 |
---------------+----------------------------------------------------------------------------------+-----
Invocations    | 1 2 3 4 5 6 7 8 9 10 11 12 13 14 15 16 17 19 | 19.7
Short Blades   | 1 2 3 4 5 6 7 8 9 10 11 12 13 14 15 16 18 | 18.3
Long Blades    | 1 2 3 4 5 6 7 8 9 10 11 12 13 14 15 16 18 | 18.3
Maces & Flails | 1 2 3 4 5 6 7 8 9 10 11 12 13 14 15 16 18 | 18.3
Polearms       | 1 2 3 4 5 6 7 8 9 10 11 12 13 14 15 16 17 20 | 20.8
Staves         | 1 2 3 4 5 6 7 8 9 10 11 12 13 14 15 16 18 | 18.3
Slings         | 1 2 3 4 5 6 7 8 9 10 11 12 13 14 15 16 18 | 18.3
Bows           | 1 2 3 4 5 6 7 8 9 10 11 12 13 14 15 16 18 | 18.3
Crossbows      | 1 2 3 4 5 6 7 8 9 10 11 12 13 14 15 16 18 | 18.3
Throwing       | 1 2 3 4 5 6 7 8 9 10 11 12 13 14 15 16 18 | 18.3
Dodging        | 1 2 3 4 5 6 7 8 9 10 11 12 13 14 15 16 18 | 18.3
Stealth        | 1 2 3 4 5 6 7 8 9 10 11 12 13 14 15 16 18 | 18.3
Unarmed Combat | 1 2 3 4 5 6 7 8 9 10 11 12 13 14 15 16 18 | 18.3
Spellcasting   | 1 2 3 4 5 6 7 8 9 10 11 12 13 14 15 16 18 | 18.3
Evocations     | 1 2 3 4 5 6 7 8 9 10 11 12 13 14 15 16 18 | 18.3
Conjurations   | 1 2 3 4 5 6 7 8 9 10 11 12 13 14 15 | 15.8
Hexes          | 1 2 3 4 5 6 7 8 9 10 11 12 13 14 15 | 15.8
Charms         | 1 2 3 4 5 6 7 8 9 10 11 12 13 14 15 | 15.8
Summonings     | 1 2 3 4 5 6 7 8 9 10 11 12 13 14 15 | 15.8
Necromancy     | 1 2 3 4 5 6 7 8 9 10 11 12 13 14 15 | 15.8
Translocations | 1 2 3 4 5 6 7 8 9 10 11 12 13 14 15 | 15.8
Transmutations | 1 2 3 4 5 6 7 8 9 10 11 12 13 14 15 | 15.8
Fire Magic     | 1 2 3 4 5 6 7 8 9 10 11 12 13 14 15 | 15.8
Ice Magic      | 1 2 3 4 5 6 7 8 9 10 11 12 13 14 15 | 15.8
Air Magic      | 1 2 3 4 5 6 7 8 9 10 11 12 13 14 15 | 15.8
Earth Magic    | 1 2 3 4 5 6 7 8 9 10 11 12 13 14 15 | 15.8
Poison Magic   | 1 2 3 4 5 6 7 8 9 10 11 12 13 14 15 | 15.8
Axes           | 5 6 7 8 9 10 11 12 13 14 15 16 17 18 | 18.7
Fighting       | 7 8 9 10 11 12 13 14 15 16 17 19 | 19.1
Armour         | 7 8 9 10 11 12 13 14 15 16 17 19 | 19.1
Shields        | 7 8 9 10 11 12 13 14 15 16 17 19 | 19.1

Action                   |  1- 3 |  4- 6 |  7- 9 | 10-12 | 13-15 | 16-18 | 19-21 | 22-24 | 25-27 || total
-------------------------+-------+-------+-------+-------+-------+-------+-------+-------+-------++-------
Melee: War axe           |    77 |   141 |   337 |   562 |       |       |       |       |       ||  1117
       Bite              |     6 |    19 |    40 |    88 |   193 |   271 |   128 |   215 |   335 ||  1295
       Falchion          |       |       |       |    20 |       |       |       |       |       ||    20
       Morningstar       |       |       |       |     7 |       |       |       |       |       ||     7
       Whip              |       |       |       |    41 |   978 |   688 |       |       |       ||  1707
       Rapier            |       |       |       |     2 |       |       |       |       |       ||     2
       Broad axe         |       |       |       |       |    63 |   695 |   756 |  1439 |  2066 ||  5019
       Long sword        |       |       |       |       |       |   227 |       |       |       ||   227
       Short sword       |       |       |       |       |       |     8 |       |       |       ||     8
 Fire: Blowgun           |       |       |    19 |       |       |       |       |       |       ||    19
       Hunting sling     |       |       |       |    10 |       |       |       |       |       ||    10
       Shortbow          |       |       |       |   377 |       |       |       |       |       ||   377
       Fustibalus        |       |       |       |       |    23 |   166 |       |       |       ||   189
 Cast: Apportation       |       |       |       |       |     2 |       |       |     5 |    66 ||    73
       Borgnjor's Vile C |       |       |       |       |       |    14 |     7 |    18 |    31 ||    70
       Sticks to Snakes  |       |       |       |       |       |     4 |       |     2 |     3 ||     9
       Statue Form       |       |       |       |       |       |     1 |    37 |    90 |   117 ||   245
       Aura of Abjuratio |       |       |       |       |       |       |     1 |    18 |    17 ||    36
       Summon Forest     |       |       |       |       |       |       |     1 |     9 |     8 ||    18
       Shadow Creatures  |       |       |       |       |       |       |     1 |     2 |       ||     3
       Lesser Beckoning  |       |       |       |       |       |       |       |     8 |     3 ||    11
       Summon Hydra      |       |       |       |       |       |       |       |     4 |       ||     4
       Summon Lightning  |       |       |       |       |       |       |       |     2 |     5 ||     7
       Regeneration      |       |       |       |       |       |       |       |       |    30 ||    30
       Song of Slaying   |       |       |       |       |       |       |       |       |     9 ||     9
       Passage of Golubr |       |       |       |       |       |       |       |       |     6 ||     6
       Blink             |       |       |       |       |       |       |       |       |     4 ||     4
       Invisibility      |       |       |       |       |       |       |       |       |     1 ||     1
Invok: Potion Petition   |       |       |       |     1 |       |     2 |       |       |     6 ||     9
       Call Merchant     |       |       |       |     2 |       |     1 |     2 |       |       ||     5
       Bribe Branch      |       |       |       |       |       |       |       |       |     3 ||     3
Evoke: Wand              |       |       |     3 |    15 |    60 |    18 |       |    18 |    46 ||   160
       Phantom mirror    |       |       |       |       |       |     1 |       |       |       ||     1
       Lamp of fire      |       |       |       |       |       |       |       |     1 |       ||     1
       Box of beasts     |       |       |       |       |       |       |       |       |     1 ||     1
  Use: Potion            |       |     1 |     3 |     1 |     4 |     3 |     2 |     1 |     9 ||    24
       Scroll            |       |       |       |    13 |    12 |     9 |    11 |    21 |    34 ||   100
 Stab: Distracted        |       |       |     1 |     3 |     6 |     7 |     7 |    24 |    46 ||    94
       Confused          |       |       |     1 |       |       |       |       |       |     2 ||     3
       Paralysed         |       |       |       |     2 |       |     4 |       |       |     5 ||    11
       Sleeping          |       |       |       |       |       |    13 |    17 |    37 |    24 ||    91
       Invisible         |       |       |       |       |       |     8 |       |       |       ||     8
  Eat: Ration            |       |     1 |     1 |     8 |     8 |    20 |    12 |    26 |    33 ||   109
       Chunk             |       |     5 |     9 |     1 |       |       |       |       |       ||    15
Armor: Scale mail        |    39 |    20 |       |       |       |       |       |       |       ||    59
       Chain mail        |       |    29 |   163 |   226 |       |       |       |       |       ||   418
       Plate armour      |       |       |       |   142 |   286 |   205 |       |       |       ||   633
       Ring mail         |       |       |       |       |       |   198 |     4 |       |    40 ||   242
       Skin              |       |       |       |       |       |       |   247 |   485 |   903 ||  1635
       Robe              |       |       |       |       |       |       |    23 |    31 |     9 ||    63
Dodge: Dodged            |    25 |    42 |    95 |   348 |   232 |   666 |   602 |  1068 |  1912 ||  4990
Block: Shield            |    55 |    87 |   224 |   346 |   433 |   991 |   679 |  1420 |  2149 ||  6384
       Rpst.: Falchion   |       |       |       |     3 |       |       |       |       |       ||     3
       Long sword        |       |       |       |       |       |    21 |       |       |       ||    21

Vault maps used:
D:1:      scummos_arrival_simple_fountains, minmay_misc_feat_square
D:2:      cheibrodos_pilgrimage, kiku_gazebo_garden_becter,
          nicolae_ru_the_path_less_chosen
D:3:      lemuel_crystal_altar, eat_drink_and_be_merry_uskayaw, first_ration
D:4:      kennysheep_path_1
D:5:      lemuel_doored_altar, lemuel_zombie_altar_yredelemnul, serial_glass,
          glass_columns_c, glass_columns_a, uniq_ijyb
D:6:      gammafunk_temple_overflow_pools, minmay_temple_entry_glassed_door,
          serial_shops, kennysheep_mini, minmay_misc_feat_pillars
D:7:      nicolae_gozag_cash_rules_everything_around_me, lemuel_crystal_altar,
          uniq_menkaure
D:8:      kennysheep_ambush_hall, nicolae_qazlal_eye_of_the_storm,
          okawaru_humans, erik_lair_orcish_takeover, uniq_pikel
D:9:      basic_altar, grunt_pizzeria, kennysheep_another_room
D:10:     hiddenorc1_lemuel, minmay_hedge_maze, minmay_misc_feat_hallway
D:11:     biasface_ghost_orc_armoury
D:12:     lab_entry_generic, einodemon_barbed_minivault
D:13:     trog_ov_bears_minmay, uniq_azrael
D:14:     erik_vaults_1
D:15:     grunt_enter_depths_hoard, serial_shops, shop, shop, shop,
          nicolae_shop_stone, minmay_fountain_box, nrook_mini_backslash
Temple:   cyrus_temple_forest
Lair:1:   grunt_megastairs_5
Lair:2:   guppyfry_snake_entry_garden, beast_lair_carwin_8, uniq_nergalle
Lair:3:   grunt_megastairs_1
Lair:4:   beast_lair_carwin_large_3, minmay_shoals_entry_hut,
          grunt_megastairs_4, uniq_josephine
Lair:5:   minmay_slime_entry_oklob_enclosed, serial_bayou_shore_a, uniq_nessos
Lair:6:   due_jungle_book, gammafunk_ghost_ooze, serial_bayou_lagoon_a,
          uniq_sonja
Shoals:1: hangedman_shoal_volcano
Shoals:2: nicolae_shoals_arrival_archipelago
Shoals:3: uniq_ilsuiw
Shoals:4: shoals_end_hangedman, gammafunk_ghost_grave, shoals_oasis,
          uniq_polyphemus, uniq_kirke, uniq_nikola
Snake:1:  uniq_rupert
Snake:2:  ebering_ghost_reflecting_pool, basic_altar, uniq_saint_roka,
          uniq_vashnia, uniq_frances
Snake:4:  minmay_snake_end_coiled, nicolae_snake_horde_hoard
Slime:3:  nicolae_slime_barrier
Orc:1:    enter_volcano_3, uniq_maurice, uniq_erolcha, uniq_gastronok
Orc:2:    st_orc_open, serial_shops, shop, nicolae_orc_stony_grotto
Elf:1:    eino_elf_arrival_shootout, minmay_elf_annihilation, st_stairs_12
Elf:2:    serial_shops, shop, shop, nicolae_shop_statue_plus, sword_in_stone,
          uniq_louise
Elf:3:    grunt_elf_hall_branching, serial_shops, shop
Vaults:1: vaults_room_pool, vaults_mumra_hexcomb, v_misc_23,
          nicolae_vaults_statue_guard, vaults_mumra_minichess_inversion,
          nicolae_vaults_little_squares_2, ontoclasm_vaults_hangar,
          vaults_room_pool, serial_shops, shop
Vaults:2: vaults_room_glass_cross, v_misc_29, v_rooms_6,
          nicolae_vaults_triangles, v_rooms_4, serial_ice_g, v_misc_14,
          hangedman_vaults_snaps, nicolae_vaults_mini_display_case,
          nicolae_vaults_little_squares_5, ontoclasm_vaults_hangar,
          nicolae_vaults_little_squares_4, uniq_asterion
Vaults:3: stair_cage_open, hangedman_vaults_stream,
          nicolae_vaults_border_crossing, v_misc_14, blue_anna_dwarven_crypt,
          hangedman_vaults_maws, vaults_dpeg_hooks, vaults_room_grid,
          nicolae_vaults_specimen_jars, vaults_room_pools, serial_shops,
          bzr_entry_water, nicolae_shop_competitors_out_of_business,
          nicolae_shop_overgrown_old_shop
Vaults:4: nicolae_vaults_alarming, st_cross, v_misc_12,
          nicolae_vaults_inception_statues, v_misc_26, grunt_vaults_funnel,
          v_alt_pattern_1, nicolae_vaults_little_squares_1,
          nicolae_vaults_stairing_the_circle,
          nicolae_vaults_network_quinsquares, vaults_room_semicircle,
          vaults_room_grid, v_misc_19, serial_shops, shop
Vaults:5: serial_shops, uniq_boris
Crypt:1:  basic_altar, roderic_lattice_octagonal_star, uniq_donald, uniq_aizul
Crypt:3:  quadcrypt_mu
Depths:1: hangedman_coc_ice_floe, minmay_door_square, pan_entry,
          minmay_misc_feat_enclosed, hangedman_decor_riveting,
          grunt_ministairs_3, spider_trap, minivault_10,
          corexii_leaking_fountain, nicolae_elemental_shop, serial_bayou_shore_b
Depths:2: gammafunk_jiyva_shrine, hell_entry, rand_demon_pan_entry_5,
          abyss_entry, minmay_misc_feat_diagonals, minmay_staircase_bubble
Depths:3: cell_vault, rand_demon_pan_entry_1, hell_entry,
          nemelex_xobeh_ov_fountains_minmay
Depths:4: hangedman_stitches_corridor, nicolae_twisting_strands,
          pf_hell_entry_tar_spiral, nicolae_abyss_entry_one_way_or_another,
          rand_demon_pan_entry_9, uniq_margery, uniq_xtahua
Depths:5: grunt_crosshair, ziggurat_fallback, abyss_entry,
          grunt_hell_entry_dis_old, serial_column_ruins,
          column_ruins_square_small, column_ruins_grid_3,
          column_ruins_open_small, column_ruins_grid_1,
          column_ruins_corridor_dead_end, column_ruins_grid_3, glass_columns_b,
          grunt_pan_entry_in_and_out
Zot:1:    grunt_megastairs_2
Zot:3:    grunt_zot_stairs_overgrown
Zot:4:    minmay_elemental_castle
Abyss:5:  evilmike_abyss_exit_8, grunt_abyss_rune_forest_and_sorcery
Lab:      nicolae_lab_dead_adventurers, nicolae_lab_quarters,
          nicolae_lab_very_dead_end, labyrinth_skeletal_remains
Bazaar:   bazaar_minmay_generic_island
Volcano:  volcano_grotto
